 Dungeon Crawl Stone Soup version 0.20-a0-864-g92acfd1 (webtiles) character file.

265 dvd the Grave Robber (level 5, 0/58 HPs)
             Began as a Demonspawn Necromancer on Mar 12, 2017.
             Slain by a mummy (9 damage)
             ... in an ossuary.
             The game lasted 00:11:07 (4044 turns).

dvd the Grave Robber (Demonspawn Necromancer)       Turns: 4044, Time: 00:11:08

Health: 0/58       AC: 22    Str:  9    XL:     5   Next: 99%
Magic:  10/10      EV:  2    Int: 17    God:
Gold:   250        SH:  0    Dex: 15    Spells: 3/11 levels left

rFire    . . .     SeeInvis .   a - +1 hand axe
rCold    . . .     Gourm    .   (armour currently unavailable)
rNeg     + + +     Faith    .   (no shield)
rPois    +         Spirit   .   (helmet currently unavailable)
rElec    .         Reflect  .   (cloak currently unavailable)
rCorr    .         Harm     .   (gloves currently unavailable)
MR       .....     NoTele   +   (boots currently unavailable)
Stlth    ++........             (no amulet)
Regen    0.2/turn               (no ring)
MPRegen  0.2/turn               p - ring of flight

@: tree-form
A: (thin metallic scales 0), agile 1, deterioration 1, (fire resistance 0),
robust 1, (spiny 0)
a: no special abilities


You were in an ossuary.
You were not hungry.
You were a tree.
You visited 1 branch of the dungeon, and saw 4 of its levels.
You also visited: Ossuary.

You collected 250 gold pieces.

Inventory:

Hand Weapons
 a - a +1 hand axe (weapon)
 n - a +0 whip
 q - a +0 short sword
 z - a +0 war axe
 D - a +2 dagger of flaming
Armour
 h - a +0 scale mail
 o - a +0 helmet (melded)
 y - a +0 leather armour (melded)
 H - a +0 pair of gloves (melded)
Jewellery
 f - an uncursed ring of fire
 p - a ring of flight (left branch)
Wands
 u - a wand of polymorph (24/24)
Scrolls
 i - 2 scrolls of identify
 j - 3 scrolls of recharging
 r - a scroll of fog
 t - a scroll of immolation
 w - a scroll of enchant weapon
 C - 2 scrolls of remove curse
Potions
 e - a potion of berserk rage {unknown}
 g - a potion of flight
 k - a potion of mutation
 v - a potion of heal wounds {unknown}
 A - a potion of might {unknown}
 B - 2 potions of curing {unknown}
Books
 b - a book of Necromancy

   Spells                             Type                      Level
   a - Pain                           Necromancy                   1
   b - Animate Skeleton               Necromancy                   1
   c - Vampiric Draining              Necromancy                   3
   d - Regeneration                   Charms/Necromancy            3
   e - Animate Dead                   Necromancy                   4
   f - Control Undead                 Necromancy                   4
 F - a book of Callings

   Spells                             Type                      Level
   a - Summon Small Mammal            Summoning                    1
   b - Call Imp                       Summoning                    2
   c - Call Canine Familiar           Summoning                    3
   d - Summon Guardian Golem          Hexes/Summoning              3
   e - Summon Lightning Spire         Summoning/Air                4
   f - Summon Ice Beast               Ice/Summoning                4
Comestibles
 c - 4 bread rations
 d - 3 meat rations
 l - 4 royal jellies
 s - 3 chunks of flesh
 x - 4 fruits


   Skills:
 + Level 0.6 Fighting
 + Level 0.8 Axes
 + Level 1.2 Armour
 + Level 2.0 Dodging
 + Level 2.4 Stealth
 + Level 3.6 Spellcasting
 + Level 5.9 Necromancy


You had 3 spell levels left.
You knew the following spells:

 Your Spells              Type           Power        Failure   Level  Hunger
a - Pain                  Necr           ###.         1%          1    None
b - Vampiric Draining     Necr           ###.......   6%          3    ###....
c - Animate Dead          Necr           N/A          17%         4    ####...


Dungeon Overview and Level Annotations

Branches:
Dungeon (4/15)
 Temple: D:4-7

Altars:
Cheibriados
Trog


Innate Abilities, Weirdness & Mutations

((You are partially covered in thin metallic scales. (AC +2)))
((Your flesh is heat resistant. (rF+)))
((You are partially covered in sharp spines.))
You are agile. (Dex +2)
Your body sometimes deteriorates upon taking damage.
You are robust. (+10% HP)


Message History

The mummy is moderately damaged.
You barely miss the mummy. You hit the mummy but do no damage.
The mummy hits you but does no damage. The mummy hits you! The mummy hits you.
You hit the mummy but do no damage.
The mummy is moderately damaged.
You hit the mummy.
You destroy the mummy!
You hit the mummy but do no damage. The mummy hits you but does no damage.
The mummy hits you!
* * * LOW HITPOINT WARNING * * *
It was a potion of flight.
Your roots keep you in place.
The mummy hits you but does no damage.
It was a potion of mutation.
You feel extremely strange.
You feel agile.
You feel yourself wasting away.
You feel robust. The mummy hits you but does no damage.
Unknown command.
You hit the mummy.
The mummy is moderately damaged.
You hit the mummy but do no damage. The mummy hits you!
You die...

###
######M.#
#....♣.##
+.∩.∩M..#
#......##
######..#
###


You could see 2 mummies.

Vanquished Creatures
  A scorpion (D:4)
  2 worker ants (D:4)
  A mummy (Ossuary)
  6 adders
  An adder skeleton (D:4)
  5 worms
  3 dart slugs
  2 orcs
  4 bats
  4 giant cockroaches
  9 hobgoblins
  3 jackals (D:1)
  4 ball pythons
  3 frilled lizards
  9 goblins
  A jackal zombie (D:4)
  8 kobolds
  A leopard gecko skeleton (D:4)
  An orc zombie (D:4)
  10 rats
78 creatures vanquished.

Vanquished Creatures (collateral kills)
  An ooze (D:3)
  A worm (D:3)
  A rat (D:3)
3 creatures vanquished.

Grand Total: 81 creatures vanquished

Notes
Turn   | Place    | Note
-------+----------+-------------------------------------------
     0 | D:1      | dvd the Demonspawn Necromancer began the quest for the Orb.
     0 | D:1      | Reached XP level 1. HP: 13/13 MP: 3/3
   270 | D:1      | Gained mutation: Your flesh is heat resistant. (rF+) [demonic ancestry]
   270 | D:1      | Reached XP level 2. HP: 17/19 MP: 0/5
  1314 | D:1      | Reached skill level 5 in Necromancy
  1561 | D:1      | Reached XP level 3. HP: 24/24 MP: 4/6
  1566 | D:1      | Learned a level 3 spell: Vampiric Draining
  2651 | D:2      | Gained mutation: You are partially covered in sharp spines. [demonic ancestry]
  2651 | D:2      | Reached XP level 4. HP: 29/30 MP: 6/8
  2712 | D:2      | Learned a level 4 spell: Animate Dead
  3030 | D:3      | Noticed a moth of wrath
  3032 | D:3      | Found a bloodstained altar of Trog.
  3575 | D:3      | Found a snail-covered altar of Cheibriados.
  3733 | D:4      | Gained mutation: You are partially covered in thin metallic scales. (AC +2) [demonic ancestry]
  3733 | D:4      | Reached XP level 5. HP: 32/36 MP: 6/9
  3848 | D:4      | Reached skill level 1 in Armour
  3948 | D:4      | Found a sand-covered staircase.
  4031 | Ossuary  | Entered an ossuary
  4043 | Ossuary  | Gained mutation: You are agile. (Dex +2) [potion of mutation]
  4043 | Ossuary  | Gained mutation: Your body sometimes deteriorates upon taking damage. [potion of mutation]
  4043 | Ossuary  | Gained mutation: You are robust. (+10% HP) [potion of mutation]
  4044 | Ossuary  | Slain by a mummy

Vault maps used:
D:1:      evilmike_arrival_plus
D:3:      lemuel_doored_altar, tgw_trog
D:4:      enter_ossuary_3, first_bread
Ossuary:  ossuary_minmay_chase

Skill      XL: |  1  2  3  4  5 |
---------------+----------------+-----
Stealth        | 2 |  2.4
Necromancy     | 5 |  5.9
Spellcasting   | 3 |  3.6
Armour         | 1 |  1.2
Dodging        | 2 |  2.0
Fighting       | |  0.6
Axes           | |  0.8

Action                   |  1- 3 |  4- 6 || total
-------------------------+-------+-------++-------
Melee: Unarmed           |     4 |       ||     4
       Hand axe          |    43 |    46 ||    89
       War axe           |       |     4 ||     4
 Cast: Pain              |    63 |    32 ||    95
       Vampiric Draining |     5 |     3 ||     8
       Animate Dead      |       |     5 ||     5
  Use: Scroll            |       |    10 ||    10
       Potion            |       |     3 ||     3
 Stab: Sleeping          |     2 |     1 ||     3
  Eat: Chunk             |     6 |     7 ||    13
Armor: Robe              |     9 |       ||     9
       Leather armour    |       |    16 ||    16
       Skin              |       |    10 ||    10
Dodge: Dodged            |    36 |    30 ||    66
